 Dungeon Crawl Stone Soup version 0.31-a0-1002-g8e65716e6e (webtiles) character file.

Game seed: 3318682267879484806

263 Malachi the Covered (level 5, -2/48 HPs)
             Began as an Armataur Fighter on Nov 10, 2023.
             Was an Initiate of Yredelemnul.
             Slain by an ogre
             ... wielding a +0 giant spiked club
              (21 damage)
             ... on level 4 of the Dungeon.
             The game lasted 00:03:57 (2403 turns).

Malachi the Covered (Armataur Fighter)              Turns: 2403, Time: 00:03:58

Health: -2/48      AC: 11    Str: 23    XL:     5   Next: 97%
Magic:  5/5        EV:  6    Int:  9    God:    Yredelemnul [......]
Gold:   98         SH:  4    Dex:  9    Spells: 4/4 levels left

rFire   . . .        a - +0 flail
rCold   . . .        c - +0 buckler
rNeg    . . .        o - +0 chain mail
rPois   .            g - +1 hat
rElec   .            d - +0 cloak
rCorr   .            (no gloves)
SInv    .            (no barding)
Will    .....        (no amulet) Stlth
                     (no ring)
HPRegen 0.28/turn    (no ring)
MPRegen 0.09/turn

%: roll
@: no status effects
A: large, rugged brown scales 3, deformed body, armoured tail, roll, long
tongue, awkward tongue
a: Renounce Religion, Recall Undead Harvest


You were on level 4 of the Dungeon.
You worshipped Yredelemnul.
Yredelemnul was noncommittal.
You visited 1 branch of the dungeon, and saw 4 of its levels.
You also visited: Sewer.

You collected 98 gold pieces.

Inventory:

Hand Weapons
 a - a +0 flail (weapon)
Armour
 c - a +0 buckler (worn)
 d - a +0 cloak (worn)
 g - a +1 hat (worn)
 o - a +0 chain mail (worn)
Jewellery
 s - a ring of poison resistance
Talismans
 l - a talisman of death
Wands
 p - a wand of digging (8)
 t - a wand of flame (12)
Scrolls
 b - 2 scrolls of fear {unknown}
 f - 2 scrolls of enchant armour {unknown}
 h - 2 scrolls of blinking {unknown}
 i - 3 scrolls of fog {unknown}
 j - 2 scrolls of identify {unknown}
 k - a scroll of enchant weapon {unknown}
Potions
 e - 3 potions of curing {unknown}
 m - a potion of degeneration {unknown}
 n - 2 potions of brilliance {unknown}
 q - 2 potions of haste {unknown}
 r - 2 potions of cancellation {unknown}


   Skills:
 + Level 3.6 Fighting
 + Level 3.0 Maces & Flails
 + Level 5.0 Armour
 + Level 4.4 Shields
 + Level 1.5 Shapeshifting


You had 4 spell levels left.
You didn't know any spells.
Your spell library was empty.

Dungeon Overview and Level Annotations

Branches:
Dungeon (4/15)              Sewer (visited)
 Temple: D:4-7

Altars:
Yredelemnul


Innate Abilities, Weirdness & Mutations

You are completely covered in rugged brown scales. (AC +3, +7% HP)
Armour fits poorly on your strangely shaped body.
You have a long armoured tail.
You roll when moving toward enemies. (Rampage)
Your long tongue fully drains potion bottles. (2x potion effects)
Your tongue gives you trouble enunciating. (1.5x scroll delay)


Message History

d - a +0 cloak You start putting on your armour.
You continue putting on your +0 cloak. x4
You finish putting on your +0 cloak.
Unknown command.
You feel a little less mighty now.
Done exploring.
Done exploring.
Done exploring.
Done exploring.
There is a stone staircase leading down here.
You climb downwards.
Found a bone wand.
There is a stone staircase leading up here.
Unknown command.
t - a wand of flame (12)
Found a stone staircase leading up.
An orc comes into view. It is wielding a +0 club.
The orc shouts!
An orc is nearby!
You roll towards the orc!
An ogre comes into view. It is wielding a +0 giant spiked club.
The ogre shouts!
You roll towards the orc!
The orc hits you but does no damage.
You thump the orc!
You kill the orc!
Your Armour skill increases to level 5!
You barely miss the ogre.
The ogre hits you with a +0 giant spiked club!
You sock the ogre!
The ogre is moderately wounded.
The ogre hits you with a +0 giant spiked club!!
* * * LOW HITPOINT WARNING * * *
You are too injured to fight recklessly!
You are too injured to fight recklessly!
You are too injured to fight recklessly!
You closely miss the ogre.
The ogre is moderately wounded.
The ogre hits you with a +0 giant spiked club!!
You die...
Your body rises from the dead as a mindless zombie.

#....... ### #...... #<#
..... #.### ... ....# #)#+#
#.#.# #.#.# #.#.#########
#.#.# #.#.#........
#.###.#.######.#.#.######
#.....#.#<@O..............
.#####.#.######.#.#.#######
#.............O..#.#.#
#########.########.#.#
#..........#.#
############.. #.# ##


You could see an ogre.

Vanquished Creatures
  Pargi (Sewer)
  Crazy Yiuf (D:3)
  Natasha (D:3)
  4 adders
  A worm (D:3)
  5 dart slugs
  3 orcs
  2 bats
  4 endoplasms (D:1)
  4 giant cockroaches
  8 goblins
  2 hobgoblins
  2 jackals (D:2)
  3 kobolds
  2 quokkas
  10 ball pythons
  4 frilled lizards
  6 rats
63 creatures vanquished.

Vanquished Creatures (collateral kills)
  3 frilled lizards (Sewer)
3 creatures vanquished.

Vanquished Creatures (others)
  A worm zombie (D:3)
  A felid zombie (D:3)
  A rat zombie (D:3)
3 creatures vanquished.

Grand Total: 69 creatures vanquished

Notes
Turn   | Place    | Note
-------+----------+-------------------------------------------
     0 | D:1      | Malachi the Armataur Fighter began the quest for the Orb.
     0 | D:1      | Reached XP level 1. HP: 19/19 MP: 1/1
   225 | D:1      | Reached XP level 2. HP: 26/26 MP: 2/2
   466 | D:1      | Reached skill level 4 in Armour
   736 | D:2      | Reached XP level 3. HP: 33/33 MP: 3/3
  1030 | D:2      | Found a basalt altar of Yredelemnul.
  1045 | D:2      | Reached XP level 4. HP: 40/40 MP: 4/4
  1052 | D:2      | Became a worshipper of Yredelemnul the Dark
  1406 | D:3      | Reached * piety under Yredelemnul
  1424 | D:3      | Found a glowing drain.
  1429 | Sewer    | Entered a sewer
  1518 | Sewer    | Noticed Pargi
  1538 | Sewer    | Killed Pargi
  1539 | Sewer    | Reached skill level 1 in Shapeshifting
  1539 | Sewer    | Reached XP level 5. HP: 17/48 MP: 5/5
  1692 | D:3      | Noticed Natasha
  1714 | D:3      | Killed Natasha
  2173 | D:3      | Found a runed translucent door.
  2174 | D:3      | Noticed Crazy Yiuf
  2246 | D:3      | Your ally Natasha died
  2250 | D:3      | Killed Crazy Yiuf
  2381 | D:4      | Noticed an ogre
  2384 | D:4      | Reached skill level 5 in Armour
  2403 | D:4      | Slain by an ogre

Illustrated notes

Levels and vault maps discovered:
D:1:      orjb1_lava_funnel, layout_loops_cross, serial_bayou_pond_a,
          minmay_misc_feat_iff
D:2:      layout_rooms, basic_altar
D:3:      layout_loops_ring, mainiacjoe_sewer_entry_somewhere_in_here_1,
          uniq_crazy_yiuf_cottage, uniq_natasha
D:4:      layout_basic, temple_green, grunt_tough_drop

Skill      XL: |  1  2  3  4  5 |
---------------+----------------+-----
Maces & Flails | 2 3 |  3.0
Armour         | 4 5 |  5.0
Fighting       | 3 |  3.6
Shields        | 4 |  4.4
Shapeshifting  | 1 |  1.5

Action                     |  1- 3 |  4- 6 || total
---------------------------+-------+-------++-------
  Melee: Flail             |   100 |   112 ||   212
         Tailslap          |    11 |    11 ||    22
    Use: Potion            |       |     1 ||     1
 Armour: Scale mail        |    55 |       ||    55
         Chain mail        |     7 |   114 ||   121
  Dodge: Dodged            |    33 |    40 ||    73
  Block: Buckler           |    18 |    30 ||    48

Table legend: (Time is in decaauts)
 A = Elapsed time spent in this place.
 B = Non-inter-level travel time spent in this place.
 C = Inter-level travel time spent in this place.
 D = Time resting spent in this place.
 E = Time spent auto-exploring this place.
 F = Levels seen in this place.
 G = Mean time per level.
                   A        B        C        D        E       F      G
               +--------+--------+--------+--------+--------+-----+--------+
         Total |   2467 |   2419 |     48 |     12 |   1753 |   5 |  493.4 |
       Dungeon |   2216 |   2168 |     48 |     12 |   1626 |   4 |  554.0 |
         Sewer |    251 |    251 |      0 |      0 |    127 |   1 |  251.0 |
               +--------+--------+--------+--------+--------+-----+--------+

Top non-repeatable levels by time:
     D:3: 894 daAuts
     D:1: 708 daAuts
     D:2: 562 daAuts
   Sewer: 251 daAuts
     D:4: 51 daAuts
